 Dungeon Crawl Stone Soup version 0.27-a0-419-g7a85846853 (webtiles) character file.

Game seed: 5849081954821163091

9 Chiseanne the Bolt Thrower (level 2, 21/22 HPs)
             Began as a Demonspawn Wanderer on Feb 26, 2021.
             Quit the game on level 1 of the Dungeon.
             The game lasted 00:00:22 (222 turns).

Chiseanne the Bolt Thrower (Demonspawn Wanderer)     Turns: 222, Time: 00:00:23

Health: 21/22      AC:  2    Str: 12    XL:     2   Next: 3%
Magic:  2/2        EV:  9    Int: 12    God:
Gold:   31         SH:  7    Dex: 13    Spells: 1/1 levels left

rFire    . . .     SeeInvis .   a - +0 hand crossbow
rCold    . . .     Faith    .   b - +0 kite shield
rNeg     . . .     Spirit   .   e - +0 robe
rPois    .         Reflect  .   (no helmet)
rElec    .         Harm     .   (no cloak)
rCorr    .         Rampage  .   (no gloves)
Will     .....                  (no boots)
Stlth    +.........             (no amulet)
HPRegen  0.07/turn              (no ring)
MPRegen  0.08/turn              (no ring)

@: no status effects
A: hooves 1
a: no special abilities


You were on level 1 of the Dungeon.
You visited 1 branch of the dungeon, and saw 1 of its levels.

You collected 31 gold pieces.

Inventory:

Hand Weapons
 a - a +0 hand crossbow (weapon)
Missiles
 c - 17 bolts (quivered ammo)
 f - 33 stones
Armour
 b - a +0 kite shield (worn)
 e - a +0 robe (worn)
Scrolls
 h - a scroll of identify {unknown}
Potions
 d - a potion of lignification
 g - a potion of brilliance {unknown}


   Skills:
 * Level 2.3 Fighting
 - Level 1.7 Long Blades
 - Level 2.6 Crossbows
 * Level 1.3 Dodging
 - Level 1.0 Stealth
 * Level 1.3 Shields


You had one spell level left.
You didn't know any spells.
Your spell library was empty.

Dungeon Overview and Level Annotations

Branches:
Dungeon (1/15)

Altars:


Innate Abilities, Weirdness & Mutations

You have large cloven feet.


Message History

No target in view!
No target in view!
No target in view!
A dart slug comes into view.
A dart slug is nearby!
You shoot a bolt. The bolt hits the dart slug.
The dart slug is severely wounded.
You shoot a bolt. The bolt hits the dart slug!
You kill the dart slug!
No target in view!
No target in view!
No target in view!
No target in view!
No target in view!
No target in view!
No target in view!
No target in view!
No target in view!
No target in view!
No target in view!
No target in view!
No target in view!
No target in view!
No target in view!
No target in view!
No target in view!
No target in view!
No target in view!
A bat comes into view.
You shoot a bolt. The bolt barely misses the bat.
You block the bat's attack. The bat hits you. The bat misses you.
You shoot a bolt. The bolt closely misses the bat.
The bat barely misses you.
You shoot a bolt. The bolt hits the bat!
You kill the bat!
You have reached level 2!
Your demonic ancestry asserts itself...
Your feet thicken and deform.
No target in view!
No target in view!
Are you sure you want to abandon this character and quit the game? (Confirm with "yes".)

### ##########.#
#..........# #.########.#
#.# #.# #.# #.####### #@#
#........ .......(#
#..###### ........#
#..#..... ......(.#
##......##
........##....+.........
..(..(..##....###.#..###
.##.(.#.##....+........#
. #...#.##....##..#.#..#
..######.##....##..#.#..#


There were no monsters in sight!

Vanquished Creatures
  A dart slug (D:1)
  A bat (D:1)
  2 goblins (D:1)
  A hobgoblin (D:1)
  A rat (D:1)
6 creatures vanquished.

Notes
Turn   | Place    | Note
-------+----------+-------------------------------------------
     0 | D:1      | Chiseanne the Demonspawn Wanderer began the quest for the
                  | Orb.
     0 | D:1      | Chiseanne set off with the following items: a +0 hand
                  | crossbow, a +0 kite shield, 23 bolts, a potion of
                  | lignification, a +0 robe
     0 | D:1      | Reached XP level 1. HP: 16/16 MP: 1/1
     6 | D:1      | Noticed a wolf
     6 | D:1      | Noticed a snapping turtle
     6 | D:1      | Noticed a lindwurm
     7 | D:1      | Noticed a polar bear
     7 | D:1      | Noticed a rime drake
   222 | D:1      | Gained mutation: You have large cloven feet. [demonic
                  | ancestry]
   222 | D:1      | Reached XP level 2. HP: 21/22 MP: 2/2
   222 | D:1      | Quit the game

Illustrated notes

Levels and vault maps discovered:
D:1:      onia_arrival_zoo_common, layout_basic, moated_statue

Action                   || total
-------------------------++-------
 Fire: Hand crossbow     ||    13
Dodge: Dodged            ||     2
Block: Kite shield       ||     1

Table legend: (Time is in decaauts)
 A = Elapsed time spent in this place.
 B = Non-inter-level travel time spent in this place.
 C = Inter-level travel time spent in this place.
 D = Time resting spent in this place.
 E = Time spent auto-exploring this place.
 F = Levels seen in this place.
 G = Mean time per level.
                   A        B        C        D        E       F      G
               +--------+--------+--------+--------+--------+-----+--------+
         Total |    230 |    230 |      0 |      0 |    202 |   1 |  230.0 |
       Dungeon |    230 |    230 |      0 |      0 |    202 |   1 |  230.0 |
               +--------+--------+--------+--------+--------+-----+--------+

Top non-repeatable levels by time:
     D:1: 230 daAuts
